 Dungeon Crawl Stone Soup version 0.19.0 (webtiles) character file.

632 Jorund the Grave Robber (level 7, 0/41 HPs)
             Began as an Octopode Necromancer on Nov 1, 2016.
             Killed from afar by an orc wizard (4 damage)
             ... with a puff of flame
             ... on level 5 of the Dungeon.
             The game lasted 00:11:05 (4499 turns).

Jorund the Grave Robber (Octopode Necromancer)      Turns: 4499, Time: 00:11:06

Health: 0/41       AC:  1    Str:  7    XL:     7   Next: 49%
Magic:  3/15       EV: 19    Int: 20    God:
Gold:   254        SH:  0    Dex: 17    Spells: 3 memorised, 10 levels left

rFire  + . .     SeeInvis .     n - +2 dagger (vamp)
rCold  . . .     Gourm    .     (no shield)
rNeg   . . .     Faith    .     d - +0 hat
rPois  .         Spirit   .     (no amulet)
rElec  .         Reflect  .     g - ring of protection from fire
rCorr  .         Harm     .     e - ring of flight
MR     .....                    (no ring)
Stlth  +++.......               (no ring)
                                (no ring)
                                (no ring)
                                (no ring)
                                (no ring)

@: confused, agile, very slightly contaminated, hasted, very quick
A: almost no armour, stealthy swim, amphibious, 8 rings, constrict 8, camouflage
1, blink, gelatinous body 1
a: Blink, Evoke Flight


You were on level 5 of the Dungeon.
You were hungry.

You visited 1 branch of the dungeon, and saw 5 of its levels.

You collected 254 gold pieces.

Inventory:

Hand Weapons
 n - a +2 vampiric dagger (weapon)
Missiles
 k - a throwing net (quivered)
Armour
 d - a +0 hat (worn)
 r - a +0 buckler
Jewellery
 e - a ring of flight (right tentacle)
 g - a ring of protection from fire (left tentacle)
Wands
 i - a wand of iceblast (9/15)
 q - a wand of confusion (15/48)
Scrolls
 f - a scroll of magic mapping
 l - a scroll of recharging
 u - a scroll of remove curse
Potions
 h - a potion of brilliance
Books
 a - a book of Necromancy

   Spells                             Type                      Level
   a - Pain                           Necromancy                   1
   b - Animate Skeleton               Necromancy                   1
   c - Vampiric Draining              Necromancy                   3
   d - Regeneration                   Charms/Necromancy            3
   e - Animate Dead                   Necromancy                   4
   f - Control Undead                 Necromancy                   4
Comestibles
 b - 3 bread rations


   Skills:
 + Level 1.0 Short Blades
 - Level 2.0 Dodging
 + Level 3.1 Stealth
 + Level 5.5 Spellcasting
 + Level 6.5 Necromancy


You had 10 spell levels left.
You knew the following spells:

 Your Spells              Type           Power        Failure   Level  Hunger
a - Pain                  Necr           ####         1%          1    None
b - Vampiric Draining     Necr           ####......   2%          3    ##.....
c - Regeneration          Chrm/Necr      ###.......   10%         3    ##.....


Dungeon Overview and Level Annotations

Branches:
Dungeon (5/15)
 Temple: D:4-7

Altars:
Fedhas
Hepliaklqana
Xom
Zin

Shops:
D:5 *

Annotations:
D:2 exclusions: worm and 1 more exclusion, Sigmund
D:4 1 runed door


Innate Abilities, Weirdness & Mutations

You cannot wear most types of armour.
You are very stealthy in the water. (Stealth+)
You are amphibious.
You can wear up to eight rings at the same time.
You can use your tentacles to constrict eight enemies at once.
Your skin changes colour to match your surroundings (Stealth+).
Your rubbery body absorbs attacks. (AC +1, EV +1)
You can translocate small distances at will.


Message History

You are confused.
It was a potion of mutation.
You feel extremely strange.
You feel clever.
You feel less in control of your magic.
You feel jittery. Something hits you.
* * * LOW HITPOINT WARNING * * *
It was a potion of cure mutation.
It has a very clean taste.
You feel stupid.
You regain control of your magic.
Something hits you but does no damage.
Unknown command.
It was a potion of haste.
You feel yourself speed up.
You hear some strange, mumbled words.
A puff of flame appears from out of thin air!
The puff of flame misses you.
Unknown command.
It was a potion of agility.
You feel agile all of a sudden.
You hear some strange, mumbled words.
A puff of flame appears from out of thin air!
The puff of flame hits you! You resist.
You die...

##..#
#.#
#.>#
#.#
####
#.# #.#
#.#
####
#.# ...
#.#
#†###.#
#.){@.#
#######


There were no monsters in sight!

Vanquished Creatures
  An ogre (D:4)
  Blork the orc (D:4)
  A crimson imp (D:5)
  An orc priest (D:5)
  2 centaur skeletons (D:4)
  4 orc wizards (D:4)
  Jessica (D:3)
  3 worker ants (D:4)
  A gnoll (D:1)
  6 adders
  An adder skeleton (D:5)
  4 dart slugs
  A leopard gecko (D:1)
  10 orcs
  3 ball pythons
  9 bats
  4 giant cockroaches
  8 goblins
  6 hobgoblins
  4 jackals
  A quokka (D:3)
  5 frilled lizards
  9 kobolds
  8 rats
94 creatures vanquished.

Notes
Turn   | Place    | Note
-------+----------+-------------------------------------------
     0 | D:1      | Jorund the Octopode Necromancer began the quest for the Orb.
     0 | D:1      | Reached XP level 1. HP: 11/11 MP: 3/3
    90 | D:1      | Reached XP level 2. HP: 7/17 MP: 0/5
   630 | D:1      | Reached XP level 3. HP: 17/21 MP: 1/6
   778 | D:1      | Learned a level 3 spell: Vampiric Draining
   782 | D:1      | Learned a level 3 spell: Regeneration
  1088 | D:2      | Noticed Sigmund
  1448 | D:2      | Reached XP level 4. HP: 22/27 MP: 3/8
  1472 | D:2      | Reached skill level 5 in Necromancy
  1626 | D:2      | Found a blossoming altar of Fedhas.
  1788 | D:2      | Found a shimmering altar of Xom.
  2156 | D:3      | Noticed Jessica
  2161 | D:3      | Killed Jessica
  2324 | D:3      | Reached XP level 5. HP: 20/31 MP: 4/10
  3236 | D:4      | Reached XP level 6. HP: 18/36 MP: 6/12
  3473 | D:4      | Found a runed door.
  3538 | D:4      | Noticed Blork the orc
  3546 | D:4      | Killed Blork the orc
  3608 | D:4      | Reached skill level 6 in Necromancy
  3656 | D:4      | Reached skill level 5 in Spellcasting
  3757 | D:4      | Reached XP level 7. HP: 30/41 MP: 3/14
  3922 | D:4      | Found a hazy altar of Hepliaklqana.
  4247 | D:4      | Reached skill level 1 in Short Blades
  4352 | D:5      | Entered Level 5 of the Dungeon
  4384 | D:5      | Found a glowing silver altar of Zin.
  4385 | D:5      | Found Zin's Purification Station.
  4496 | D:5      | Gained mutation: Your mind is acute. (Int +2) [potion of mutation]
  4496 | D:5      | Gained mutation: Your spells are a little harder to cast, but a little more powerful. [potion of mutation]
  4496 | D:5      | Gained mutation: You can translocate small distances at will. [potion of mutation]
  4497 | D:5      | Lost mutation: Your mind is acute. (Int +2) [potion of cure mutation]
  4497 | D:5      | Lost mutation: Your spells are a little harder to cast, but a little more powerful. [potion of cure mutation]
  4499 | D:5      | Killed from afar by an orc wizard

Skill      XL: |  1  2  3  4  5  6  7 |
---------------+----------------------+-----
Spellcasting   | 3 4 5 |  5.5
Necromancy     | 5 6 |  6.5
Short Blades   | 1 |  1.0
Stealth        | 3 |  3.1
Dodging        | |  2.0

Action                   |  1- 3 |  4- 6 |  7- 9 || total
-------------------------+-------+-------+-------++-------
Melee: Unarmed           |    15 |       |       ||    15
       Constrict         |     4 |     7 |     3 ||    14
       Tentacles         |     4 |     8 |     3 ||    15
       Club              |     2 |     6 |       ||     8
       Dagger            |       |    25 |    22 ||    47
 Cast: Pain              |    55 |    98 |    14 ||   167
       Vampiric Draining |       |     4 |     5 ||     9
       Regeneration      |       |     3 |     2 ||     5
  Use: Scroll            |       |     9 |       ||     9
       Potion            |       |     3 |     4 ||     7
 Stab: Sleeping          |       |     2 |     3 ||     5
  Eat: Chunk             |     2 |     4 |     2 ||     8
       Fruit             |       |     2 |       ||     2
       Meat ration       |       |     1 |       ||     1
       Beef jerky        |       |     1 |       ||     1
Armor: Skin              |     4 |     5 |     1 ||    10
Dodge: Dodged            |    28 |    30 |    13 ||    71
